 Dungeon Crawl Stone Soup version 0.28.0-45-g0d030f2227 (webtiles) character file.

Game seed: 15400300820008252617

77 NinjaNoafa the Firebug (level 4, 0/34 HPs)
             Began as a Draconian Fire Elementalist on Apr 12, 2022.
             Slain by a hobgoblin (3 damage)
             ... led by Robin
             ... on level 2 of the Dungeon.
             The game lasted 00:04:53 (2336 turns).

NinjaNoafa the Firebug (DrFE)                       Turns: 2336, Time: 00:04:54

Health: 0/34       AC:  7    Str: 12      XL:     4   Next: 14%
Magic:  2/7        EV: 12    Int: 15 (16) God:
Gold:   41         SH:  0    Dex: 11      Spells: 5/8 levels left

rFire   . . .      SeeInvis .   d - +2 hand axe (venom)
rCold   . . .      Faith    .   (no shield)
rNeg    . . .      Spirit   .   (armour unavailable)
rPois   .          Reflect  .   (helmet restricted)
rElec   .          Harm     .   a - +1 cloak
rCorr   .          Rampage  .   (no gloves)
Will    .....      Clarity  +   (no boots)
Stlth   ++........              (no amulet)
HPRegen 0.11/turn               (no ring)
MPRegen 0.10/turn               (no ring)

@: no status effects
A: AC +5, unfitting armour, cold-blooded, clarity, deterioration 1, low MP 1
a: no special abilities


You were on level 2 of the Dungeon.
You visited 1 branch of the dungeon, and saw 2 of its levels.

You collected 41 gold pieces.

Inventory:

Hand Weapons
 d - a +2 hand axe of venom (weapon)
 g - a +1 short sword of freezing
Missiles
 c - 5 poisoned darts
Armour
 a - a +1 cloak (worn)
Scrolls
 f - a scroll of noise {unknown}
 h - a scroll of enchant weapon {unknown}
 j - a scroll of vulnerability {unknown}


   Skills:
 + Level 0.6 Fighting
 + Level 2.2 Dodging
 + Level 2.4 Stealth
 + Level 2.5 Spellcasting
 + Level 1.8 Conjurations
 * Level 3.5 Fire Magic


You had 5 spell levels left.
You knew the following spells:

 Your Spells              Type           Power      Damage    Failure   Level
a - Foxfire               Conj/Fire      36%        2x1d5     7%          1
b - Scorch                Fire           24%        2d6       8%          2

Your spell library contained the following spells:

 Spells                   Type           Power      Damage    Failure   Level
 Conjure Flame            Conj/Fire      9%         6-21      22%         3
 Inner Flame              Hex/Fire       7%         N/A       30%         3
 Confusing Touch          Hex            1%         N/A       54%         3
 Flame Wave               Conj/Fire      9%         2d5       56%         4
 Passage of Golubria      Tloc           1%         N/A       91%         4
 Silence                  Hex/Air        0%         N/A       99%         5
 Yara's Violent Unravell  Hex/Tmut       0%         3d3       99%         5
 Enfeeble                 Hex            0%         N/A       100%        7
 Lehudib's Crystal Spear  Conj/Erth      2%         10d2      100%        8


Dungeon Overview and Level Annotations

Branches:
Dungeon (2/15)

Altars:

Shops:
D:2 **=!

Annotations:
D:2 Robin


Innate Abilities, Weirdness & Mutations

Your plain brown scales are hard. (AC +5)
You cannot fit into any form of body armour.
You are cold-blooded and may be slowed by cold attacks.
You possess an exceptional clarity of mind.
Your body sometimes deteriorates upon taking damage.
Your magical capacity is low. (-10% MP)


Message History

The foxfire hits the hobgoblin but does no damage.
The foxfire hits the hobgoblin.
The hobgoblin is heavily wounded.
The hobgoblin barely misses you. Robin throws the goblin at you!
The goblin hits you but does no damage. The hobgoblin hits you.
Casting: Scorch (safe; 7% risk of failure)
Confirm with . or Enter, or press ? or * to list all spells.
Flames lash Robin.
Robin is moderately wounded.
Robin's fire resistance burns away.
Robin hits you from afar with a +0 spear.
The hobgoblin hits you but does no damage.
The goblin hits you but does no damage.
Casting: Scorch (safe; 7% risk of failure)
Confirm with . or Enter, or press ? or * to list all spells.
You don't have enough magic to cast this spell.
As you read the scroll labelled RYF SAHACEET, it crumbles to dust.
It is a scroll of enchant armour.
Your +0 cloak glows green for a moment.
The hobgoblin hits you.
Your body deteriorates!
You feel dopey.
Robin hits you from afar with a +0 spear.
The hobgoblin closely misses you. x2; The goblin barely misses you.
As you read the scroll labelled ZIELIZ VEGULE, it crumbles to dust.
Your body is wracked with pain!
* * * LOW HITPOINT WARNING * * *
Robin convulses!
The hobgoblin convulses!
The goblin convulses!
It was a scroll of torment.
Robin is no longer more vulnerable to fire.
The hobgoblin is no longer more vulnerable to fire.
The hobgoblin misses you. Robin barely misses you. The hobgoblin hits you.
* * * LOW HITPOINT WARNING * * *
The hobgoblin closely misses you. The goblin hits you with a +0 dagger.
* * * LOW HITPOINT WARNING * * *
You hit the hobgoblin.
You kill the hobgoblin!
You hit the hobgoblin.
You kill the hobgoblin!
You closely miss the hobgoblin. You closely miss the goblin.
The hobgoblin hits you.
You die...

#......##.##..#####
##..##.##.##......#
##.##.##.###.###.#
#.##.##.# #.....#
#.##.#..# #..####
#.##.#.## #..#
#.##.#.# #..#
#.##†#.####..########
#.##@†g##............
#..gg........####....
##########.......#
#....
#.......##.##....#
#....
#.......##)##.####
#.###.
#.......##<#..# #. #.
#.....†.......# #.
#......)##.##.# ####.
#.......##.##...
#....


You could see Robin, a hobgoblin and a goblin.

Vanquished Creatures
  2 adders (D:2)
  4 worms (D:2)
  A ball python (D:1)
  5 endoplasms
  3 giant cockroaches
  6 goblins
  10 hobgoblins
  5 kobolds
  2 quokkas
  A bat (D:2)
  3 frilled lizards
  3 rats
45 creatures vanquished.

Vanquished Creatures (others)
  28 foxfires
28 creatures vanquished.

Grand Total: 73 creatures vanquished

Notes
Turn   | Place    | Note
-------+----------+-------------------------------------------
     0 | D:1      | NinjaNoafa the Draconian Fire Elementalist began the quest
                  | for the Orb.
     0 | D:1      | Reached XP level 1. HP: 14/14 MP: 3/3
   237 | D:1      | Reached XP level 2. HP: 16/20 MP: 5/5
  1034 | D:2      | Noticed Robin
  1073 | D:2      | Found Amyqyoli's General Store.
  1371 | D:2      | Reached XP level 3. HP: 15/26 MP: 6/6
  1598 | D:2      | Found a faded altar of an unknown god.
  1599 | D:2      | Found Weedusch's Assorted Antiques.
  1691 | D:2      | Found Aloplog's Jewellery Shoppe.
  1857 | D:2      | Reached XP level 4. HP: 34/34 MP: 3/7
  1867 | D:2      | Learned a level 2 spell: Scorch
  1951 | D:2      | Found Emocaisa's Distillery.
  2329 | D:2      | Gained mutation: Your body sometimes deteriorates upon
                  | taking damage. [potion of mutation]
  2329 | D:2      | Gained mutation: Your magical capacity is low. (-10% MP)
                  | [potion of mutation]
  2329 | D:2      | Gained mutation: You possess an exceptional clarity of
                  | mind. [potion of mutation]
  2336 | D:2      | Slain by a hobgoblin

Illustrated notes

Levels and vault maps discovered:
D:1:      dpeg_arrival_shelter, layout_loops_ring
D:2:      layout_loops_ring, nicolae_ecumenical_oubliette, serial_shops, shop,
          nicolae_shop_waterfront, nicolae_shop_stone, nicolae_shop_crystal,
          minivault_24, uniq_robin

Skill      XL: |  1  2 |
---------------+-------+-----
Stealth        | 2 |  2.4
Dodging        | 2 |  2.2
Fighting       | |  0.6
Spellcasting   | |  2.5
Conjurations   | |  1.8
Fire Magic     | |  3.5

Action                   |  1- 3 |  4- 6 || total
-------------------------+-------+-------++-------
Melee: Short sword       |    43 |       ||    43
       Unarmed           |     5 |       ||     5
       Tailslap          |    10 |     1 ||    11
       Punch             |     2 |       ||     2
       Hand axe          |    36 |    16 ||    52
 Cast: Foxfire           |    19 |     2 ||    21
       Scorch            |       |     2 ||     2
  Use: Potion            |     3 |     1 ||     4
       Scroll            |     1 |     2 ||     3
 Stab: Sleeping          |     1 |       ||     1
Armor: Skin              |    55 |     6 ||    61
Dodge: Dodged            |    87 |    12 ||    99
